 Dungeon Crawl Stone Soup version 0.19.1 (webtiles) character file.

4893 Dolanko the Cleaver (level 10, -2/138 HPs)
             Began as a Minotaur Berserker on Dec 23, 2016.
             Was an Elder of Trog.
             Slain by a bone dragon (10 damage)
             ... on level 2 of the Abyss.
             The game lasted 00:18:56 (7190 turns).

Dolanko the Cleaver (Minotaur Berserker)            Turns: 7190, Time: 00:18:57

Health: -2/138     AC: 21    Str: 29    XL:     10   Next: 26%
Magic:  9/9        EV:  8    Int:  6    God:    Trog [****..]
Gold:   556        SH:  0    Dex: 11    Spells: 0 memorised, 9 levels left

rFire  . . .     SeeInvis .     N - +0 battleaxe (flame)
rCold  . . .     Gourm    .     V - +0 plate armour
rNeg   . . .     Faith    .     (shield currently unavailable)
rPois  .         Spirit   .     (helmet restricted)
rElec  .         Reflect  .     f - +0 cloak
rCorr  +         Harm     .     y - +0 pair of gloves
MR     ++...     Rnd*Tele +     k - +0 pair of boots
Stlth  ..........               (no amulet)
                                h - ring of resist corrosion
                                t - +3 ring of protection

@: berserking, very slightly contaminated, regenerating, hasted, very quick
A: retaliatory headbutt, horns 2, blink, clever 1, teleportitis 1
a: Blink, Berserk, Trog's Hand, Brothers in Arms, Burn Spellbooks, Renounce
Religion


You were on level 2 of the Abyss.
You worshipped Trog.
Trog was greatly pleased with you.
You were near starving.

You visited 1 branch of the dungeon, and saw 9 of its levels.
You visited the Abyss 1 time.

You collected 556 gold pieces.

Inventory:

Hand Weapons
 N - a +0 battleaxe of flaming (weapon)
Armour
 f - a +0 cloak (worn)
 k - a +0 pair of boots (worn)
 n - a +0 shield
 y - a +0 pair of gloves (worn)
 V - a +0 plate armour (worn)
Jewellery
 a - an uncursed ring of wizardry {unknown}
 e - an uncursed ring of positive energy {unknown}
 h - a ring of resist corrosion (right hand)
 t - a +3 ring of protection (left hand)
 F - an uncursed ring of magical power
Wands
 v - a wand of confusion (20/48)
 A - a wand of disintegration (13/24)
 I - a wand of polymorph (9/24)
Scrolls
 b - 11 scrolls of identify
 g - a scroll of noise
 i - a scroll of random uselessness {unknown}
 j - a scroll of blinking {unknown}
 m - 2 scrolls of remove curse
 o - a scroll of amnesia {unknown}
 r - a scroll of enchant armour {unknown}
 s - 5 scrolls of teleportation
 w - a scroll of fog {unknown}
 G - 2 scrolls of torment {unknown}
 H - a scroll of silence {unknown}
 K - a scroll of recharging {unknown}
 M - a scroll of immolation {unknown}
 R - a scroll of vulnerability {unknown}
 U - a scroll of enchant weapon {unknown}
Potions
 l - 2 potions of haste
 p - 2 potions of ambrosia {unknown}
 q - 2 potions of mutation
 u - 2 potions of degeneration {unknown}
 z - a potion of berserk rage {unknown}
 B - a potion of invisibility {unknown}
 C - 2 potions of lignification {unknown}
 E - 4 potions of curing {unknown}
 J - a potion of heal wounds {unknown}
 O - 3 potions of magic {unknown}
 Q - a potion of cancellation {unknown}
 S - a potion of agility {unknown}
 T - 2 potions of flight {unknown}
Books
 x - a book of Maledictions

   Spells                             Type                      Level
   a - Corona                         Hexes                        1
   b - Ensorcelled Hibernation        Hexes/Ice                    2
   c - Confuse                        Hexes                        3
   d - Tukima's Dance                 Hexes                        3
   e - Dazzling Spray                 Conjuration/Hexes            3
   Trog disapproves of the use of such an item.
 P - a book of Changes

   Spells                             Type                      Level
   a - Beastly Appendage              Transmutation                1
   b - Sticks to Snakes               Transmutation                2
   c - Spider Form                    Transmutation/Poison         3
   d - Ice Form                       Ice/Transmutation            4
   e - Blade Hands                    Transmutation                5
   Trog disapproves of the use of such an item.
Comestibles
 c - 8 bread rations
 d - a fruit
 D - 2 meat rations
 L - a beef jerky
 W - a chunk of flesh


   Skills:
 + Level 9.7 Fighting
 * Level 13.0 Axes
 + Level 9.2 Armour
 - Level 2.1 Dodging


You had 9 spell levels left.
You didn't know any spells.

Dungeon Overview and Level Annotations

Branches:
Dungeon (9/15)             Temple (0/1) D:7
   Lair: D:8-11         Orc: D:9-12

Altars:

Shops:
D:9 [

Annotations:
D:9 Psyche


Innate Abilities, Weirdness & Mutations

You reflexively headbutt those who attack you in melee.
You have a pair of horns on your head.
You can translocate small distances at will.
Your mind is acute. (Int +2)
You are occasionally teleported next to monsters.


Message History

* * * LOW HITPOINT WARNING * * *
You hold your ground!
You are very lightly contaminated with residual magic.
You don't have enough health at the moment.
A red film seems to cover your vision as you go berserk!
You feel yourself moving faster!
You feel mighty!
You are near starving!
Your ogre hits the bone dragon but does no damage.
The bone dragon bites you but does no damage.
The bone dragon claws you but does no damage.
The bone dragon tramples you but does no damage.
You slash the bone dragon! You headbutt the bone dragon!
The bone dragon is lightly damaged.
Your ogre hits the bone dragon with a giant club!
You hit the bone dragon but do no damage.
The bone dragon is moderately damaged.
The bone dragon bites you but does no damage.
The bone dragon claws you but does no damage.
The bone dragon tramples you!
You die...

.. .......# .
... ..... .####
#..# . . .....#
.##. . .
....... ..
.#.#.#.. # ###
###.##.#.#.....
#.#.#........
#......# ...
###....##....
#.@.#.O......
###D#.... ...
#.O........
###........
#........
#........
#..##.... #..#
... .... . .


You could see a bone dragon and a friendly ogre (berserk).

Vanquished Creatures
  A large abomination (Abyss:2)
  A worldbinder (Abyss:2)
  Prince Ribbit (D:9)
  A spriggan (D:7)
  A hungry ghost (D:6)
  Menkaure (D:7)
  The ghost of Nakatomy the Ruffian, an amateur VSTm (D:3)
  2 orc warriors
  An ice beast (D:4)
  A black bear (D:7)
  3 ogres (D:7)
  6 phantoms
  A big kobold (D:8)
  2 bullfrogs
  A gnoll sergeant (D:5)
  A small abomination (Abyss:2)
  6 killer bees (D:9)
  4 wights (D:7)
  5 crimson imps
  A bullfrog zombie (D:5)
  A quasit (D:9)
  3 hounds
  8 orc priests
  A gnoll shaman (D:9)
  Crazy Yiuf (D:2)
  A centaur skeleton (D:5)
  2 iguanas
  10 worker ants
  5 orc wizards
  A hound zombie (D:9)
  12 gnolls
  A howler monkey skeleton (D:4)
  12 adders
  3 shadow imps
  An ooze (D:2)
  An adder zombie (D:9)
  3 worms
  2 dart slugs
  3 leopard geckos
  28 orcs
  2 ball pythons
  9 bats
  7 giant cockroaches
  8 goblins
  10 hobgoblins
  11 jackals
  4 quokkas
  4 frilled lizards
  A jackal skeleton (D:4)
  A jackal zombie (D:5)
  18 kobolds
  2 quokka skeletons
  2 quokka zombies (D:5)
  6 rats
225 creatures vanquished.

Notes
Turn   | Place    | Note
-------+----------+-------------------------------------------
     0 | D:1      | Dolanko the Minotaur Berserker began the quest for the Orb.
     0 | D:1      | Reached XP level 1. HP: 19/19 MP: 0/0
   529 | D:1      | Reached skill level 4 in Axes
   604 | D:1      | Reached XP level 2. HP: 27/27 MP: 1/1
  1151 | D:1      | Reached ** piety under Trog
  1151 | D:1      | Reached XP level 3. HP: 33/33 MP: 2/2
  1389 | D:2      | Reached XP level 4. HP: 33/41 MP: 3/3
  1418 | D:2      | Found a runed door.
  1422 | D:2      | Noticed Crazy Yiuf
  1428 | D:2      | Killed Crazy Yiuf
  1428 | D:2      | Reached skill level 5 in Axes
  1727 | D:2      | Reached XP level 5. HP: 47/47 MP: 4/4
  2169 | D:3      | Reached *** piety under Trog
  2212 | D:3      | Noticed Nakatomy's ghost (amateur VSTm)
  2233 | D:3      | Killed Nakatomy's ghost
  2233 | D:3      | Reached skill level 5 in Fighting
  2233 | D:3      | Reached skill level 6 in Axes
  2408 | D:3      | Reached XP level 6. HP: 56/56 MP: 5/5
  2950 | D:4      | Reached skill level 7 in Axes
  2950 | D:4      | Reached skill level 5 in Armour
  3059 | D:4      | Reached XP level 7. HP: 62/62 MP: 6/6
  3320 | D:4      | Reached skill level 8 in Axes
  3459 | D:5      | Entered Level 5 of the Dungeon
  3595 | D:5      | Reached XP level 8. HP: 66/71 MP: 7/7
  3657 | D:5      | Reached **** piety under Trog
  3670 | D:5      | Reached skill level 9 in Axes
  4396 | D:6      | Reached skill level 10 in Axes
  5118 | D:7      | Noticed Menkaure
  5127 | D:7      | Killed Menkaure
  5127 | D:7      | Reached XP level 9. HP: 70/81 MP: 8/8
  5287 | D:7      | Found a staircase to the Ecumenical Temple.
  5463 | D:7      | Reached skill level 11 in Axes
  6575 | D:9      | Noticed Prince Ribbit
  6584 | D:9      | Killed Prince Ribbit
  6584 | D:9      | Reached skill level 12 in Axes
  6592 | D:9      | Found Diyraisk's Armour Emporium.
  6624 | D:9      | Reached ***** piety under Trog
  6657 | D:9      | Noticed Psyche
  6967 | D:9      | Reached XP level 10. HP: 84/91 MP: 9/9
  7032 | D:9      | Cast into level 2 of the Abyss (Psyche)
  7038 | Abyss:2  | Found a corrupted altar of Lugonu.
  7063 | Abyss:2  | Noticed a worldbinder
  7072 | Abyss:2  | Killed a worldbinder
  7084 | Abyss:2  | Found a corrupted altar of Lugonu.
  7120 | Abyss:2  | Noticed a large abomination
  7128 | Abyss:2  | Killed a large abomination
  7128 | Abyss:2  | Reached skill level 13 in Axes
  7156 | Abyss:2  | Noticed a spatial maelstrom
  7163 | Abyss:2  | Found a corrupted altar of Lugonu.
  7177 | Abyss:2  | Noticed a bone dragon
  7185 | Abyss:2  | Gained mutation: You can translocate small distances at will. [potion of mutation]
  7185 | Abyss:2  | Gained mutation: Your mind is acute. (Int +2) [potion of mutation]
  7185 | Abyss:2  | Gained mutation: You are occasionally teleported next to monsters. [potion of mutation]
  7187 | Abyss:2  | HP: 4/92 [bone dragon (7)]
  7190 | Abyss:2  | Slain by a bone dragon

Skill      XL: |  1  2  3  4  5  6  7  8  9 10 |
---------------+-------------------------------+-----
Axes           | 4 5 6 7 8 10 12 13 | 13.0
Armour         | 3 4 5 6 7 8 9 |  9.2
Fighting       | 4 5 6 7 9 |  9.7
Dodging        | |  2.1

Action                   |  1- 3 |  4- 6 |  7- 9 | 10-12 || total
-------------------------+-------+-------+-------+-------++-------
Melee: Hand axe          |    99 |   106 |       |       ||   205
       Headbutt          |    18 |    30 |    57 |     7 ||   112
       War axe           |       |    54 |   236 |       ||   290
       Battleaxe         |       |       |   104 |    30 ||   134
Invok: Trog's Hand       |     1 |     2 |     6 |     3 ||    12
       Berserk           |       |     1 |     1 |     1 ||     3
       Brothers in Arms  |       |       |       |     1 ||     1
  Use: Scroll            |       |     4 |     3 |     1 ||     8
       Potion            |       |       |       |     2 ||     2
  Eat: Chunk             |     2 |     6 |    10 |     2 ||    20
       Fruit             |       |     1 |       |       ||     1
       Meat ration       |       |       |     1 |       ||     1
       Bread ration      |       |       |     1 |       ||     1
Armor: Chain mail        |    59 |    83 |   244 |     4 ||   390
       Plate armour      |       |       |       |    18 ||    18
Dodge: Dodged            |    50 |    53 |   183 |    16 ||   302
